 Dungeon Crawl Stone Soup version 0.27-a0-46-g34d46f0a3f (webtiles) character file.

Game seed: 7783038417174233136

14168 lessens the Severer (level 11, -9/89 HPs)
             Began as a Green Draconian Monk on Jan 6, 2021.
             Was a High Priest of Trog.
             Mangled by a cyclops (27 damage)
             ... on level 11 of the Dungeon.
             The game lasted 00:22:54 (16445 turns).

lessens the Severer (Green Draconian Monk)         Turns: 16445, Time: 00:22:54

Health: -9/89      AC: 14    Str: 21    XL:     11   Next: 85%
Magic:  2/2        EV: 15    Int: 11    God:    Trog [*****.]
Gold:   811        SH:  5    Dex: 13    Spells: 10/10 levels left

rFire    . . .     SeeInvis .   L - +3 battleaxe
rCold    + . .     Faith    .   (shield currently unavailable)
rNeg     . . .     Spirit   .   (armour unavailable)
rPois    +         Reflect  +   C - +2 hat
rElec    .         Harm     .   t - +0 cloak
rCorr    .         Rampage  +   z - +2 pair of gloves of Yzachadgh {Rampage MP-9 Str+4}
Will     .....                  p - +0 pair of boots
Stlth    +++.......             c - amulet of reflection
HPRegen  0.24/turn              n - ring of protection from cold
MPRegen  0.08/turn              F - ring of stealth

@: no status effects
A: breathe noxious fumes, unfitting armour, poison resistance, cold-blooded, AC
+7
a: Breathe Noxious Fumes, Renounce Religion, Berserk, Trog's Hand, Brothers in
Arms


You were on level 11 of the Dungeon.
You worshipped Trog.
Trog was extremely pleased with you.
You visited 2 branches of the dungeon, and saw 12 of its levels.
You also visited: Ossuary.

You collected 811 gold pieces.

Inventory:

Hand Weapons
 a - a +0 hand axe
 h - a +0 hand axe of flaming
 v - a +1 hand axe of freezing
 K - a +2 battleaxe
 L - a +3 battleaxe (weapon)
 T - a +2 executioner's axe of flaming
Missiles
 b - 367 stones (quivered)
 u - 9 boomerangs
 w - 2 throwing nets
 I - 6 atropa-tipped darts
 N - 30 poisoned darts
 P - 7 javelins
Armour
 p - a +0 pair of boots (worn)
 t - a +0 cloak (worn)
 z - the +2 pair of gloves of Yzachadgh (worn) {Rampage MP-9 Str+4}
   (You found it on level 6 of the Dungeon)

   It affects your strength (+4).
   It affects your magic capacity (-9).
   It bestows one free step when moving towards enemies.
 C - a +2 hat (worn)
Jewellery
 c - an amulet of reflection (around neck)
 n - a ring of protection from cold (left hand)
 A - an uncursed amulet of guardian spirit
 F - a ring of stealth (right hand)
Wands
 g - a wand of iceblast (7)
 D - a wand of enslavement (8)
 E - a wand of paralysis (5)
 H - a wand of flame (21)
 Q - a wand of disintegration (6)
Scrolls
 d - a scroll of random uselessness
 f - 3 scrolls of remove curse
 j - 2 scrolls of blinking
 l - 6 scrolls of teleportation
 s - a scroll of noise
 x - 4 scrolls of enchant weapon
 G - 3 scrolls of fog
 O - 2 scrolls of magic mapping {unknown}
Potions
 e - a potion of haste
 i - a potion of cancellation
 k - 4 potions of lignification
 m - 2 potions of brilliance
 o - a potion of flight
 q - 6 potions of curing
 r - 6 potions of might
 B - a potion of mutation
 M - a potion of ambrosia
 R - 3 potions of heal wounds
 S - a potion of attraction
Miscellaneous
 J - a phantom mirror


   Skills:
 - Level 6.2 Fighting
 * Level 16.3 Axes
 - Level 5.7 Dodging
 - Level 3.0 Stealth
 - Level 4.0 Evocations


You had 10 spell levels left.
You didn't know any spells.
Your spell library was empty.

Dungeon Overview and Level Annotations

Branches:
Dungeon (11/15)            Temple (1/1) D:4             Orc (0/2) D:9
Ossuary (visited)
   Lair: D:8-11

Altars:
Ashenzari
Cheibriados
Dithmenos
Elyvilon
Fedhas
Gozag
Hepliaklqana
Kikubaaqudgha
Makhleb
Nemelex Xobeh
Okawaru
Qazlal
Ru
Sif Muna
Trog
Uskayaw
Vehumet
Wu Jian
Xom
Yredelemnul
Zin
The Shining One
Beogh

Shops:
D:7 (   D:11 :

Annotations:
D:10 3 runed translucent doors, Luyc's ghost, journeyman GrFi


Innate Abilities, Weirdness & Mutations

You can breathe blasts of noxious fumes.
Your lurid green scales are hard. (AC +7)
You cannot fit into any form of body armour.
Your system is resistant to poisons. (rPois)
You are cold-blooded and may be slowed by cold attacks.


Message History

You see here a large rock.
The cyclops throws a large rock.
You reflect the large rock off an invisible shield around you!
The large rock hits the cyclops.
You rampage towards the cyclops!
You hit the cyclops.
The cyclops is moderately wounded.
You slash the cyclops!
The cyclops is heavily wounded.
You block the cyclops's attack.
You slice the cyclops!!
The cyclops is almost dead.
The cyclops hits you!!
* * * LOW HITPOINT WARNING * * *
You completely miss the cyclops.
Your tail-slap misses the cyclops.
The cyclops is almost dead.
You hit the cyclops.
You tail-slap the cyclops, but do no damage.
The cyclops is almost dead.
The cyclops hits you!!
You die...

#. # ##.. .####...
#.=...# #....#
#C...# ##@.# ##...#
###.(..# ###......#
###.....(.)##
###...........#
###.........(#..#
###........#####..##
##......##### #...#


You could see a cyclops.

Vanquished Creatures
  Harold (D:7)
  A two-headed ogre (D:10)
  2 unseen horrors
  An ugly thing (D:11)
  Maggie (D:8)
  2 gargoyles
  A troll (D:9)
  A vampire (D:11)
  9 yaks (D:11)
  A basilisk (D:11)
  Grum (D:8)
  A vampire mosquito (D:10)
  A soldier ant (D:11)
  A swamp worm (D:7)
  A water moccasin (D:9)
  An acid dragon (D:11)
  A hornet zombie (D:6)
  3 sky beasts
  2 ice beasts
  9 orc warriors
  10 ogres
  A phantom (D:9)
  6 centaurs
  3 wolves (D:8)
  An elf zombie (Ossuary)
  8 bullfrogs
  3 big kobolds
  9 gnoll sergeants
  4 scorpions
  2 howler monkeys
  7 wights
  2 centaur zombies
  2 bullfrog zombies (D:10)
  A quasit (D:11)
  A bullfrog skeleton (D:7)
  14 hounds
  10 orc priests
  6 gnoll shamans
  5 jellies
  A centaur skeleton (D:6)
  11 orc wizards
  4 iguanas
  7 worker ants
  Natasha (D:4)
  2 big kobold zombies (Ossuary)
  A hound skeleton (D:5)
  A hound zombie (Ossuary)
  4 mummies (Ossuary)
  48 gnolls
  15 adders
  An ufetubus (D:7)
  An ooze (D:2)
  An adder zombie (D:5)
  3 dart slugs
  A leopard gecko (D:7)
  63 orcs
  A ball python (D:8)
  2 giant cockroaches (D:3)
  11 goblins
  14 hobgoblins
  19 jackals
  6 quokkas
  12 bats
  5 frilled lizards
  A gnoll zombie (Ossuary)
  2 goblin zombies (Ossuary)
  A hobgoblin zombie (Ossuary)
  21 kobolds
  2 kobold zombies (Ossuary)
  A leopard gecko skeleton (D:5)
  A leopard gecko zombie (D:5)
  An orc zombie (Ossuary)
  9 rats
  A rat zombie (Ossuary)
411 creatures vanquished.

Vanquished Creatures (others)
  An orc wizard (D:8)
  36 plants
37 creatures vanquished.

Grand Total: 448 creatures vanquished

Notes
Turn   | Place    | Note
-------+----------+-------------------------------------------
     0 | D:1      | lessens the Draconian Monk began the quest for the Orb.
     0 | D:1      | Reached XP level 1. HP: 19/19 MP: 1/1
   185 | D:1      | Reached XP level 2. HP: 19/26 MP: 2/2
  1039 | D:1      | Reached XP level 3. HP: 33/33 MP: 3/3
  1178 | D:2      | Found a hazy altar of Hepliaklqana.
  1634 | D:2      | Found a blossoming altar of Fedhas.
  1779 | D:2      | Reached XP level 4. HP: 34/40 MP: 4/4
  2432 | D:3      | Noticed a -3 hand axe
  2434 | D:3      | Noticed a +0 dagger
  2439 | D:3      | Found a hide-covered altar of Uskayaw.
  2503 | D:3      | Reached XP level 5. HP: 26/46 MP: 5/5
  2506 | D:3      | Reached skill level 4 in Axes
  2690 | D:3      | Found a broken altar of Ashenzari.
  3783 | D:4      | Reached skill level 5 in Axes
  3783 | D:4      | Reached XP level 6. HP: 40/52 MP: 6/6
  3995 | D:4      | Found a staircase to the Ecumenical Temple.
  4003 | Temple   | Entered the Ecumenical Temple
  4177 | Temple   | Became a worshipper of Trog the Wrathful
  4177 | Temple   | Reached * piety under Trog
  4177 | Temple   | Reached ** piety under Trog
  4615 | D:4      | Noticed Natasha
  4630 | D:4      | Killed Natasha
  4771 | D:5      | Entered Level 5 of the Dungeon
  4824 | D:5      | Noticed an ice beast
  4844 | D:5      | Killed an ice beast
  4845 | D:5      | Reached skill level 6 in Axes
  4886 | D:5      | Found an iron altar of Okawaru.
  4911 | D:5      | Your scales start taking on a lurid green colour.
  4911 | D:5      | Reached XP level 7. HP: 59/59 MP: 7/7
  4911 | D:5      | Gained mutation: Your system is resistant to poisons.
                  | (rPois) [Green Draconian growth]
  4994 | D:5      | Found a burning altar of Makhleb.
  5008 | D:5      | Found a glowing silver altar of Zin.
  5760 | D:5      | Reached skill level 7 in Axes
  6483 | D:5      | Reached skill level 8 in Axes
  6857 | D:5      | Reached *** piety under Trog
  6956 | D:5      | Reached XP level 8. HP: 39/66 MP: 8/8
  7221 | D:5      | Reached skill level 9 in Axes
  8069 | D:6      | Reached skill level 10 in Axes
  8562 | D:6      | Reached skill level 5 in Fighting
  8791 | D:6      | Got a pair of masterwork gloves
  8825 | D:6      | Identified the +2 pair of gloves of Yzachadgh {Rampage MP-9
                  | Str+4} (You found it on level 6 of the Dungeon)
  9151 | D:7      | Reached XP level 9. HP: 68/74 MP: 0/9
  9158 | D:7      | Reached skill level 11 in Axes
  9215 | D:7      | Reached **** piety under Trog
  9374 | D:7      | Found a sand-covered staircase.
  9379 | Ossuary  | Entered an ossuary
  9751 | D:7      | Found a white marble altar of Elyvilon.
  9790 | D:7      | Reached skill level 1 in Evocations
  9828 | D:7      | Found a blossoming altar of Fedhas.
  9832 | D:7      | Found a sacrificial altar of Ru.
  9903 | D:7      | Found Biwickis's Weapon Shop.
 10174 | D:7      | Noticed Harold
 10178 | D:7      | Paralysed by Harold for 2 turns
 10190 | D:7      | Killed Harold
 10191 | D:7      | Reached skill level 12 in Axes
 10500 | D:8      | Found a shimmering blue altar of Sif Muna.
 10756 | D:8      | Noticed Maggie
 10763 | D:8      | Killed Maggie
 10764 | D:8      | Reached XP level 10. HP: 83/83 MP: 1/10
 11035 | D:8      | Found an ancient bone altar of Kikubaaqudgha.
 11174 | D:8      | Noticed Grum
 11186 | D:8      | Killed Grum
 11921 | D:9      | Reached ***** piety under Trog
 11922 | D:9      | Reached skill level 13 in Axes
 11939 | D:9      | Found a roughly hewn altar of Beogh.
 11950 | D:9      | Received a gift from Trog
 12195 | D:9      | Found a staircase to the Orcish Mines.
 12219 | D:9      | Reached skill level 5 in Dodging
 12629 | D:9      | Noticed a gargoyle
 12644 | D:9      | Killed a gargoyle
 12922 | D:9      | Reached skill level 14 in Axes
 13383 | D:9      | Found a stormy altar of Qazlal.
 13623 | D:10     | Entered Level 10 of the Dungeon
 13652 | D:10     | Reached XP level 11. HP: 89/89 MP: 2/11
 13744 | D:10     | Found a runed translucent gate.
 13753 | D:10     | Found a runed translucent gate.
 13754 | D:10     | Found a runed translucent gate.
 13755 | D:10     | Noticed a nine-headed hydra
 13755 | D:10     | Noticed Luyc's ghost (journeyman GrFi)
 14302 | D:10     | Noticed a two-headed ogre
 14308 | D:10     | Killed a two-headed ogre
 14599 | D:10     | Received a gift from Trog
 14862 | D:10     | Reached skill level 15 in Axes
 15263 | D:10     | Killed an unseen horror
 15759 | D:11     | Found Baef Dih's Book Shop.
 15774 | D:11     | Killed an unseen horror
 15788 | D:11     | Noticed a brown ugly thing
 15810 | D:11     | Killed a brown ugly thing
 15811 | D:11     | Reached skill level 16 in Axes
 16445 | D:11     | Mangled by a cyclops

Illustrated notes

Levels and vault maps discovered:
D:1:      enne_arrival_octagon_isle, layout_basic
D:2:      layout_loops_ring, nicolae_overflow_crystal_walls, fedhas_altar_2
D:3:      layout_basic, dancing_weapons_uskayaw, general_overflow_altar,
          minmay_misc_feat_encased
D:4:      layout_basic, minmay_temple_entry_nine_rooms, uniq_natasha
D:5:      lemuel_castle_with_subvaults [lemuel_castle_interior_original],
          layout_basic, kennysheep_mini, lemuel_crystal_altar, zin_statuary,
          minivault_23
D:6:      layout_basic
D:7:      cheibrodos_quashed, layout_basic, minitemple, serial_shops, shop,
          enter_ossuary_2, worms_lemuel, uniq_harold
D:8:      layout_basic, kennysheep_little_box, kiku_gazebo_pond_becter,
          hangedman_abyss_or_decor_stabs, nrook_campfire, uniq_grum, uniq_maggie
D:9:      kennysheep_housing_project, layout_grid_maze, grunt_qazlal_clouds,
          kennysheep_orc_monster_closet_entryway, special_room
          [special_room_orc]
D:10:     layout_stronghold, gammafunk_ghost_hydra_chop, moated_statue,
          small_statue_alley_a, grunt_tough_drop
D:11:     layout_cave_pods, minmay_lair_entry_lava, serial_shops, shop,
          nicolae_shop_waterfront
Temple:   chequers_temple_sunken

Skill      XL: |  1  2  3  4  5  6  7  8  9 10 11 |
---------------+----------------------------------+-----
Stealth        | 2 3 |  3.0
Dodging        | 3 5 |  5.7
Fighting       | 4 5 6 |  6.2
Axes           | 5 6 8 10 12 14 16 | 16.3
Evocations     | 3 4 |  4.0

Action                   |  1- 3 |  4- 6 |  7- 9 | 10-12 || total
-------------------------+-------+-------+-------+-------++-------
Melee: Hand axe          |   117 |   199 |   565 |   109 ||   990
       Tailslap          |    10 |    20 |   100 |    66 ||   196
       Battleaxe         |       |       |       |   320 ||   320
Invok: Berserk           |       |     2 |     5 |     9 ||    16
 Abil: Breathe Noxious F |       |       |     6 |     3 ||     9
  Use: Potion            |       |     1 |       |     1 ||     2
       Scroll            |       |       |    13 |     8 ||    21
 Stab: Sleeping          |     8 |     3 |     9 |     8 ||    28
       Distracted        |     1 |     1 |     1 |     3 ||     6
       Confused          |       |       |     7 |     1 ||     8
Armor: Skin              |    37 |    62 |   116 |   141 ||   356
Dodge: Dodged            |    87 |   122 |   246 |   244 ||   699
Block: Other             |       |    35 |   105 |   105 ||   245
       Reflection        |       |       |     3 |     2 ||     5

Table legend: (Time is in decaauts)
 A = Elapsed time spent in this place.
 B = Non-inter-level travel time spent in this place.
 C = Inter-level travel time spent in this place.
 D = Time resting spent in this place.
 E = Time spent auto-exploring this place.
 F = Levels seen in this place.
 G = Mean time per level.
                   A        B        C        D        E       F      G
               +--------+--------+--------+--------+--------+-----+--------+
         Total |  16533 |  16006 |    527 |   4188 |   8919 |  13 | 1271.8 |
       Dungeon |  15998 |  15487 |    511 |   4188 |   8491 |  11 | 1454.4 |
        Temple |    227 |    212 |     15 |      0 |    209 |   1 |  227.0 |
       Ossuary |    308 |    308 |      0 |      0 |    218 |   1 |  308.0 |
               +--------+--------+--------+--------+--------+-----+--------+

Top non-repeatable levels by time:
     D:5: 3179 daAuts
    D:10: 2325 daAuts
     D:9: 1849 daAuts
     D:2: 1542 daAuts
     D:8: 1441 daAuts
     D:4: 1313 daAuts
     D:6: 1145 daAuts
     D:1: 1105 daAuts
     D:7: 899 daAuts
     D:3: 672 daAuts
    D:11: 523 daAuts
 Ossuary: 308 daAuts
  Temple: 227 daAuts
